 Dungeon Crawl Stone Soup version 0.22-a0-354-g30dfbe6fde (webtiles) character file.

285 Laan the Bolt Thrower (level 6, -3/38 HPs)
             Began as a Kobold Hunter on Apr 17, 2018.
             Slain by Perturabo's ghost (5 damage)
             ... on level 3 of the Dungeon.
             The game lasted 00:07:38 (2869 turns).

Laan the Bolt Thrower (Kobold Hunter)               Turns: 2869, Time: 00:07:39

Health: -3/38      AC:  4    Str:  9    XL:     6   Next: 55%
Magic:  6/6        EV: 16    Int: 12    God:
Gold:   74         SH:  0    Dex: 18    Spells: 5/5 levels left

rFire    . . .     SeeInvis .   a - +1 hand crossbow
rCold    . . .     Gourm    .   (shield restricted)
rNeg     . . .     Faith    .   c - +0 leather armour
rPois    .         Spirit   .   (no helmet)
rElec    .         Reflect  .   (no cloak)
rCorr    .         Harm     .   i - +0 pair of gloves
MR       .....                  (no boots)
Stlth    +++.......             (no amulet)
HPRegen  0.12/turn              n - ring of stealth
MPRegen  0.10/turn              (no ring)

@: no status effects
A: small, carnivore
a: no special abilities


You were on level 3 of the Dungeon.
You were completely stuffed.

You visited 1 branch of the dungeon, and saw 3 of its levels.

You collected 74 gold pieces.

Inventory:

Hand Weapons
 a - a +1 hand crossbow (weapon)
 b - a +0 short sword
Missiles
 d - 32 bolts (quivered)
Armour
 c - a +0 leather armour (worn)
 i - a +0 pair of gloves (worn)
Jewellery
 n - a ring of stealth (left hand)
 q - a cursed amulet of inaccuracy {unknown}
Scrolls
 h - a scroll of magic mapping {unknown}
 j - a scroll of enchant weapon {unknown}
 k - a scroll of amnesia {unknown}
 l - 2 scrolls of identify
Potions
 e - a potion of curing {unknown}
 g - 2 potions of haste {unknown}
 o - a potion of ambrosia {unknown}
 p - a potion of mutation {unknown}
Comestibles
 f - 9 rations
 m - 4 chunks of flesh


   Skills:
 + Level 3.9 Fighting
 * Level 7.1 Crossbows
 + Level 4.3 Dodging
 - Level 1.3 Stealth


You had 5 spell levels left.
You didn't know any spells.

Dungeon Overview and Level Annotations

Branches:
Dungeon (3/15)

Altars:
Ashenzari
Fedhas
Qazlal

Annotations:
D:3 Perturabo's ghost, amateur DsGl


Innate Abilities, Weirdness & Mutations

You are small and have problems with some larger weapons.
You are carnivorous and can eat meat at any time.


Message History

Perturabo's ghost hits you.
* * * LOW HITPOINT WARNING * * *
Perturabo's ghost freezes you.
* * * LOW HITPOINT WARNING * * *
Firing (i - inventory)
d - 34 bolts (quivered)
Press: ? - help, Shift-Dir - straight line, f/p - Perturabo's ghost
Aim: Perturabo's ghost, wielding a weapon of freezing (severely damaged)
You shoot a bolt.
The bolt barely misses Perturabo's ghost.
Perturabo's ghost hits you.
* * * LOW HITPOINT WARNING * * *
Perturabo's ghost freezes you.
* * * LOW HITPOINT WARNING * * *
Firing (i - inventory)
d - 33 bolts (quivered)
Press: ? - help, Shift-Dir - straight line, f/p - Perturabo's ghost
Aim: Perturabo's ghost, wielding a weapon of freezing (severely damaged)
You shoot a bolt. The bolt hits Perturabo's ghost.
Perturabo's ghost is almost destroyed.
Perturabo's ghost hits you.
You die...

#>.# #.(..... #<######
#.......
#(..)).####)...... #.
######...........# #.
####......... #.
#....#)...... #.
####.####....... #.
######....####.......
#.####((W@..###...(...###.
#.#....###### #.......# #.
########.()#### #.......#
#. #.%....(.### #..(....#
#. #....((((# ####.#### #.
#.>.....?# #)# ##.
#........## ######(#####..
#.....$....
............... #..<.(...#
#######.####.##


You could see Perturabo's ghost.

Vanquished Creatures
  2 orc priests (D:3)
  An orc wizard (D:2)
  4 gnolls (D:2)
  4 adders
  An ooze (D:3)
  2 dart slugs (D:1)
  5 worms
  4 leopard geckos
  11 orcs (D:3)
  4 giant cockroaches
  7 goblins
  14 hobgoblins
  5 jackals
  A quokka (D:3)
  4 ball pythons
  4 bats
  4 frilled lizards
  6 kobolds
  15 rats
98 creatures vanquished.

Notes
Turn   | Place    | Note
-------+----------+-------------------------------------------
     0 | D:1      | Laan the Kobold Hunter began the quest for the Orb.
     0 | D:1      | Reached XP level 1. HP: 12/12 MP: 1/1
    19 | D:1      | Reached skill level 5 in Crossbows
    52 | D:1      | Reached XP level 2. HP: 16/18 MP: 2/2
   460 | D:1      | Reached XP level 3. HP: 22/22 MP: 3/3
   930 | D:1      | Reached XP level 4. HP: 20/27 MP: 4/4
  1475 | D:2      | Reached skill level 6 in Crossbows
  1875 | D:2      | Found a blossoming altar of Fedhas.
  1882 | D:2      | Reached XP level 5. HP: 28/32 MP: 5/5
  2020 | D:2      | Found a shattered altar of Ashenzari.
  2021 | D:2      | Found a stormy altar of Qazlal.
  2256 | D:3      | Noticed Perturabo's ghost (amateur DsGl)
  2333 | D:3      | Reached XP level 6. HP: 23/38 MP: 6/6
  2638 | D:3      | Reached skill level 7 in Crossbows
  2650 | D:3      | Found a stormy altar of Qazlal.
  2869 | D:3      | Slain by Perturabo's ghost

Vault maps used:
D:1:      onia_arrival_handbag
D:2:      nicolae_overflow_crystal_walls, gammafunk_temple_overflow_statue,
          dk_noncrumbling_4
D:3:      grunt_qazlal_sundering

Skill      XL: |  1  2  3  4  5  6 |
---------------+-------------------+-----
Crossbows      | 5 6 7 |  7.1
Dodging        | 3 4 |  4.3
Fighting       | 3 |  3.9
Stealth        | |  1.3

Action                   |  1- 3 |  4- 6 || total
-------------------------+-------+-------++-------
Melee: Short sword       |   119 |   125 ||   244
 Fire: Hand crossbow     |     7 |   120 ||   127
  Use: Scroll            |       |     2 ||     2
 Stab: Sleeping          |     2 |    10 ||    12
  Eat: Chunk             |     9 |     6 ||    15
Armor: Leather armour    |    23 |    33 ||    56
Dodge: Dodged            |    98 |   145 ||   243

Table legend:
 A = Spawn XP
 B = Non-spawn XP
 C = Spawn XP percentage of total XP
 D = Spawn monster count
 E = Non-spawn monster count
 F = Spawn count percentage of total count
 G = Total turns spent on level
                    A         B        C        D         E        F      G
               +---------+---------+-------+---------+---------+-------+---------
         Total |       0 |     408 |   0.0 |       0 |      98 |   0.0 |  2869
               +---------+---------+-------+---------+---------+-------+---------
           D:1 |       0 |      92 |   0.0 |       0 |      40 |   0.0 |  1284
           D:2 |       0 |     130 |   0.0 |       0 |      23 |   0.0 |  1015
           D:3 |       0 |     186 |   0.0 |       0 |      35 |   0.0 |   570
               +---------+---------+-------+---------+---------+-------+---------
